 Dungeon Crawl Stone Soup version 0.31.0-12-g77e489cdc1 (webtiles) character file.

Game seed: 16935278028916727832

65 7w4c the Chopper (level 3, -3/43 HPs)
             Began as a Demonspawn Berserker on Feb 15, 2024.
             Was a Believer of Trog.
             Slain by an ice beast (9 damage)
             ... on level 3 of the Dungeon on Mar 1, 2024.
             The game lasted 00:04:08 (1760 turns).

7w4c the Chopper (Demonspawn Berserker)             Turns: 1760, Time: 00:04:09

Health: -3/43      AC:  3    Str: 19    XL:     3   Next: 94%
Magic:  3/3        EV: 12    Int:  7    God:    Trog [**....]
Gold:   124        SH:  0    Dex: 12    Spells: 2/2 levels left

rFire   . . .        i - +0 hand axe (vamp)
rCold   . . .        (no shield)
rNeg    . . .        b - +0 animal skin
rPois   .            (no helmet)
rElec   .            e - +0 cloak
rCorr   .            (no gloves)
SInv    .            (no boots)
Will    .....        (no amulet) Stlth
                     (no ring)
HPRegen 0.27/turn    (no ring)
MPRegen 0.08/turn

%: no passive effects
@: mighty, berserking, very quick
A: powered by pain 1, weakness stinger 1
a: Renounce Religion, Berserk, Trog's Hand


You were on level 3 of the Dungeon.
You worshipped Trog.
Trog was pleased with you.
You visited 1 branch of the dungeon, and saw 3 of its levels.

You collected 124 gold pieces.

Inventory:

Hand Weapons
 i - a +0 vampiric hand axe (weapon)
Armour
 b - a +0 animal skin (worn)
 e - a +0 cloak (worn)
Jewellery
 g - a ring of flight
Scrolls
 a - a scroll of revelation {unknown}
 c - 2 scrolls of teleportation {unknown}
 f - 2 scrolls of immolation {unknown}
Potions
 d - a potion of heal wounds {unknown}
 h - a potion of curing {unknown}


   Skills:
 + Level 3.4 Fighting
 + Level 3.6 Axes
 + Level 2.0 Armour
 + Level 2.3 Dodging
 + Level 0.1 Stealth


You had 2 spell levels left.
You didn't know any spells.
Your spell library was empty.

Dungeon Overview and Level Annotations

Branches:
Dungeon (3/15)

Altars:
Gozag

Shops:
D:2 !


Innate Abilities, Weirdness & Mutations

You sometimes gain a little power by taking damage.
You have a small tail.


Message History

There is a stone staircase leading down here.
The bat closely misses you. The bat hits you but does no damage.
The bat attacks as it pursues you! The bat barely misses you.
The bat misses you. The ice beast hits you. The ice beast freezes you!
You hit the ice beast but do no damage. You hit the bat.
You feel better. The bat misses you. The bat hits you but does no damage.
The bat misses you.
The ice beast hits you but does no damage.
You hit the ice beast.
You feel better.
The ice beast is lightly wounded.
You closely miss the bat. The bat barely misses you.
The ice beast hits you but does no damage.
You hit the ice beast but do no damage.
Your tail-slap misses the ice beast.
The ice beast is lightly wounded.
The bat closely misses you. The ice beast barely misses you.
You barely miss the ice beast.
The ice beast is lightly wounded.
The bat barely misses you. The ice beast hits you. The ice beast freezes you!
* * * LOW HITPOINT WARNING * * *
You focus on the pain.
You feel very mighty all of a sudden.
You closely miss the ice beast.
The ice beast is lightly wounded.
The ice beast barely misses you. The bat hits you but does no damage.
You hit the ice beast but do no damage.
Your tail-slap misses the ice beast.
The ice beast is lightly wounded.
You hit the bat.
You feel better.
You kill the bat!
Trog accepts your kill. The ice beast barely misses you. x2
A red film seems to cover your vision as you go berserk!
You feel yourself moving faster!
You feel mighty! The ice beast closely misses you.
You barely miss the ice beast.
The ice beast is lightly wounded.
You completely miss the ice beast.
The ice beast is lightly wounded.
The ice beast hits you.
* * * LOW HITPOINT WARNING * * *
The ice beast freezes you!
You die...

#.##.# ##.#.
#.##.###.# ...
#........# #.
####.##### ##+##
#....### ##...##
#.#†.#.###.....##
#.....#.#.......##
##....###>...†....#
#......#..>..@Y...+
##....#.#.........#
#....#.##.......##
######.###.....##
#.# ##...## #.#
##+## #.# ..# ...


You could see an ice beast.

Vanquished Creatures
  An adder (D:2)
  2 orcs (D:3)
  3 bats
  5 endoplasms
  3 giant cockroaches
  3 goblins
  6 hobgoblins
  4 jackals (D:1)
  4 quokkas
  5 ball pythons (D:1)
  3 frilled lizards
  4 kobolds
  5 rats
48 creatures vanquished.

Notes
Turn   | Place    | Note
-------+----------+-------------------------------------------
     0 | D:1      | 7w4c the Demonspawn Berserker began the quest for the Orb.
     0 | D:1      | Reached XP level 1. HP: 18/18 MP: 1/1
   208 | D:1      | Discovered your monstrous ancestry.
   208 | D:1      | Gained mutation: You have a small tail. [demonic ancestry]
   208 | D:1      | Reached XP level 2. HP: 14/24 MP: 2/2
   620 | D:1      | Gained mutation: You sometimes gain a little power by
                  | taking damage. [demonic ancestry]
   620 | D:1      | Reached XP level 3. HP: 29/29 MP: 3/3
   821 | D:2      | Reached ** piety under Trog
  1164 | D:2      | Found Peketif's Distillery.
  1345 | D:2      | Found a faded altar of an unknown god.
  1671 | D:3      | Found an opulent altar of Gozag.
  1747 | D:3      | Noticed an ice beast
  1760 | D:3      | Slain by an ice beast

Illustrated notes

Levels and vault maps discovered:
D:1:      lemuel_arrival_rhombus, layout_basic, corexii_leaking_fountain,
          minmay_pentomino_s2
D:2:      layout_basic, ebering_ecumenical_altar_petrified, serial_shops,
          nicolae_shop_hallway_plus, chequers_serial_rivers_micro_a
D:3:      layout_loops_corners, mainiacjoe_overflow_six_doors_small,
          serial_shops, nicolae_shop_behind_doors, uniq_terence

Skill      XL: |  1  2 |
---------------+-------+-----
Axes           | 3 |  3.6
Dodging        | 2 |  2.3
Armour         | 2 |  2.0
Fighting       | |  3.4
Stealth        | |  0.1

Action                     || total
---------------------------++-------
  Melee: Hand axe          ||   115
         Tailslap          ||     7
 Invoke: Berserk           ||     2
   Stab: Sleeping          ||     1
 Armour: Animal skin       ||   100
  Dodge: Dodged            ||   116
